Map: King Sejong Station LE

Players

inikolaer - Winner!

  • Race: Zerg Zerg
  • League: Platinum
  • Spawn Location: 5:00

Amix

  • Race: Zerg Zerg
  • League: Platinum
  • Spawn Location: 11:00

VOD

Have the link to the VOD?

Description

Time

  • Played on: Nov. 16, 2016, 5:39 p.m.
  • Length: 3:47
Show
View Real Time Build Order
Export as new Build Order

inikolaer Zerg - Winner!

Build Orders: Pool First 

Get SALT Encoding   

  12  0:01  Drone  
  13  0:08  Drone  
  14  0:16  Overlord  
  14  0:24  Drone, Extractor  
  15  0:37  Drone x2  
  17  0:45  Extractor  
  16  0:50  Spawning Pool  
  16  0:51  Drone  
  16  0:55  Drone  
  17  1:06  Drone  
  18  1:22  Hatchery  
  17  1:37  Queen  
  17  1:38  Zergling x2  
  20  1:42  Overlord  
  20  1:45  Zergling x2  
  21  1:53  Spine Crawler  
  20  1:55  Zergling x2  
  21  2:20  Zergling x2  
  21  2:21  Zergling x2  
  23  2:27  Drone, Roach Warren  
  23  2:46  Drone x2  
  25  3:02  Spine Crawler  
  25  3:04  Spine Crawler  
  21  3:07  Roach  
  21  3:08  Roach x3  
  27  3:21  Roach x2  
Show
View Real Time Build Order
Export as new Build Order

Amix Zerg 

Build Orders: Pool Only 

Get SALT Encoding   

  12  0:01  Drone  
  13  0:23  Spawning Pool  
  13  0:26  Drone  
  13  0:30  Drone  
  13  0:35  Extractor  
  13  0:37  Drone  
  14  0:45  Overlord  
  14  1:09  Zergling x4  
  14  1:11  Zergling x2  
  17  1:13  Queen  
  19  1:24  Zergling x2  
  20  1:31  Zergling x2  
  21  1:34  Metabolic Boost  
  21  1:42  Overlord  
  21  1:58  Baneling Nest, Zergling x2  
  21  2:08  Zergling x2  
  21  2:20  Zergling x2  
  21  2:33  Zergling x6  
  24  2:41  Zergling x2  
  24  2:46  Baneling  
  24  2:47  Baneling x2  
  22  3:19  Zergling x6  
Tags
 
Add a new tag
Caveats
  • Supply blocks, unpowered buildings, or Contaminate may cause inaccurate times.
  • Supply counts are checked every 10 seconds.